AoeStats
← Bzm_JöNTüRK

African Clearing

510849284Analyzed
4v4 RM · 16h ago on Oct 2, 2026· 26m 9s· 8 players
Game mode
Random Map
Map size
Large (8 player)
Population
200
Speed
Normal
Resources
Standard
Victory
Conquest
Starting age
Dark Age
Ending age
Imperial Age
RankedLock teamsTeams togetherTeam positionsShared explorationLock speedFull tech treeHidden civsTurbo modeCheats
Victory
Defeat
🇹🇷 Berbers · Türkiye
1454
+19
🇹🇷 Mongols · Türkiye
1445
+19
🇹🇷 Magyars · Türkiye
1441
+20
🇹🇷 Huns · Türkiye
1415
+21
🇲🇽 Dravidians · Mexico
1581
-22
🇨🇳 Cumans · China
1532
-20
🇷🇺 Varangians · Russia
1490
-19
🇹🇷 Berbers · Türkiye
1484
-18
diprial
13:38 Feudal Age
17:00 Castle Age
15:21 Double-Bit Axe
18:22 Loom
19:26 Wheelbarrow
20:29 Town Watch
21:38 Horse Collar
Bzm_JöNTüRK
3:03 Loom
13:06 Feudal Age
17:31 Castle Age
16:25 Double-Bit Axe
16:30 Horse Collar
26:00 Fletching
26:10 Padded Archer Armor
Long-Long-Way
12:57 Loom
14:43 Feudal Age
19:27 Castle Age
18:41 Scale Barding Armor
19:03 Bloodlines
18:49 Double-Bit Axe
22:04 Bow Saw
23:27 Chain Barding Armor
miki_bb /VL/
6:53 Loom
6:57 Loom
7:46 Loom
11:31 Feudal Age
11:31 Man-at-Arms
12:06 Town Watch
13:26 Arson
13:59 Horse Collar
16:52 Forging
17:25 Fletching
WeWereBornToFly
13:06 Feudal Age
13:37 Double-Bit Axe
13:34 Horse Collar
24:31 Castle Age
23:03 Fletching
23:58 Padded Archer Armor
25:18 Bodkin Arrow
25:38 Bow Saw
26:03 Leather Archer Armor
DeX_sepultura
7:52 Loom
12:06 Feudal Age
15:58 Castle Age
14:51 Double-Bit Axe
17:33 Bow Saw
17:37 Horse Collar
20:19 Heavy Plow
21:11 Wheelbarrow
22:57 Gold Mining
28:17 Imperial Age
DeX_Senjutsu
10:52 Loom
12:38 Feudal Age
19:02 Castle Age
18:12 Double-Bit Axe
18:08 Horse Collar
19:08 Fletching
DeX_NadiZZaR
3:09 Loom
12:29 Feudal Age
13:05 Double-Bit Axe
16:55 Scale Barding Armor
17:46 Wheelbarrow
19:32 Bloodlines
22:43 Castle Age
21:47 Horse Collar
22:44 Light Cavalry
23:25 Husbandry
Connection lost

Rejoining the realm…

Still unreachable

The connection could not be restored.

Session expired

The server has moved on; the page needs a fresh start.